 Dungeon Crawl Stone Soup version 0.23-a0-139-ga22e90c45f (webtiles) character file.

16 Kaname the Magician (level 2, -1/19 HPs)
             Began as a Demonspawn Wizard on Aug 31, 2018.
             Slain by a gnoll
             ... wielding a +0 spear
              (5 damage)
             ... on level 1 of the Dungeon.
             The game lasted 00:01:46 (599 turns).

Kaname the Magician (Demonspawn Wizard)              Turns: 599, Time: 00:01:47

Health: -1/19      AC:  3    Str:  7    XL:     2   Next: 37%
Magic:  1/6        EV: 12    Int: 19    God:
Gold:   31         SH:  0    Dex: 11    Spells: 6/7 levels left

rFire    . . .     SeeInvis .   c - +0 spear
rCold    . . .     Gourm    .   (no shield)
rNeg     . . .     Faith    .   a - +0 robe
rPois    +         Spirit   .   b - +0 hat
rElec    .         Reflect  .   h - +0 cloak
rCorr    .         Harm     .   (no gloves)
MR       .....                  (no boots)
Stlth    ++........             (no amulet)
HPRegen  0.06/turn              e - ring of poison resistance
MPRegen  0.10/turn              (no ring)

@: very slightly contaminated
A: rot immunity
a: no special abilities


You were on level 1 of the Dungeon.
You were not hungry.

You visited 1 branch of the dungeon, and saw 1 of its levels.

You collected 31 gold pieces.

Inventory:

Hand Weapons
 c - a +0 spear (weapon)
Missiles
 i - 10 arrows
 k - 5 javelins of penetration (quivered)
Armour
 a - a +0 robe (worn)
 b - a +0 hat (worn)
 h - a +0 cloak (worn)
Jewellery
 e - a ring of poison resistance (left hand)
Scrolls
 j - a scroll of immolation {unknown}
Potions
 f - a potion of might {unknown}
 g - a potion of lignification {unknown}
Comestibles
 d - 3 rations


   Skills:
 - Level 1.7 Dodging
 - Level 1.7 Stealth
 - Level 3.0 Spellcasting
 + Level 2.4 Conjurations
   Level 1.0 Summonings
   Level 0.8 Translocations


You had 6 spell levels left.
You knew the following spells:

 Your Spells              Type           Power        Failure   Level  Hunger
a - Magic Dart            Conj           ##..         5%          1    None

Your spell library contained the following spells:

 Spells                   Type           Power        Failure   Level  Hunger
 Blink                    Tloc           N/A          16%         2    ##.....
 Call Imp                 Summ           #.......     16%         2    ##.....
 Slow                     Hex            #.......     22%         2    ##.....
 Conjure Flame            Conj/Fire      #.......     28%         3    ###....
 Mephitic Cloud           Conj/Pois/Air  #.......     32%         3    ###....


Dungeon Overview and Level Annotations

Branches:
Dungeon (1/15)

Altars:


Innate Abilities, Weirdness & Mutations

You are immune to rotting.


Message History

Aim: a gnoll, wielding a spear (almost dead)
You reach to attack!
You closely miss the gnoll.
The gnoll is almost dead.
The gnoll barely misses you.
Attack whom?
Press: ? - help, Dir - move target cursor, f/p - gnoll
Aim: a gnoll, wielding a spear (almost dead)
You reach to attack!
You closely miss the gnoll.
The gnoll is almost dead.
The gnoll hits you from afar with a spear!
* * * LOW HITPOINT WARNING * * *
You are too injured to fight recklessly!
You are too injured to fight recklessly!
Throwing (i - inventory)
k - 6 javelins of penetration (quivered)
Press: ? - help, Shift-Dir - straight line, f/p - gnoll
Aim: a gnoll, wielding a spear (almost dead)
You throw a javelin of penetration.
The javelin of penetration barely misses the gnoll.
The gnoll hits you from afar with a spear.
You die...

#...##..##.##.#..)....(######
#...##).##.##...##...........#
#.<.##..##................####
#...##..######............#
#...##..##..............#.K..
##'###..##.###..##...........
##.###.....# ##.##.####.#.†...
.......⌠...# #..#.# .#.....
...........# ##@#.# ..# ...
####.#####.# #.#.#....# ..
####'#####.### #g.....#
#.......##...# #......#
#.......####.# #...####
######### #.# ..... #(#.#..>##
#.#.#(... ###.# ##...#


You could see a gnoll.

Vanquished Creatures
  A leopard gecko (D:1)
  A giant cockroach (D:1)
  2 hobgoblins (D:1)
  2 kobolds (D:1)
  3 bats (D:1)
  3 frilled lizards (D:1)
  4 rats (D:1)
16 creatures vanquished.

Notes
Turn   | Place    | Note
-------+----------+-------------------------------------------
     0 | D:1      | Kaname the Demonspawn Wizard began the quest for the Orb.
     0 | D:1      | Reached XP level 1. HP: 13/13 MP: 4/4
   212 | D:1      | Gained mutation: You are immune to rotting. [demonic
                  | ancestry]
   212 | D:1      | Reached XP level 2. HP: 19/19 MP: 3/6
   599 | D:1      | Slain by a gnoll

Vault maps used:
D:1:      dpeg_arrival_rooms_a

Skill      XL: |  1 |
---------------+----+-----
Conjurations   | 2 |  2.4
Dodging        | |  1.7
Stealth        | |  1.7
Spellcasting   | |  3.0
Summonings     | |  1.0
Translocations | |  0.8

Action                   || total
-------------------------++-------
Melee: Spear             ||    32
Throw: Javelin           ||     1
 Cast: Magic Dart        ||    31
Armor: Robe              ||    12
Dodge: Dodged            ||    17

Table legend:
 A = Non-vault XP
 B = Vault XP
 C = Vault XP percentage of total XP
 D = Non-vault monster count
 E = Vault monster count
 F = Vault count percentage of total count
                 A         B        C        D         E       F
            +---------+---------+-------+---------+---------+-------
      Total |      23 |       0 |   0.0 |      16 |       0 |   0.0
            +---------+---------+-------+---------+---------+-------
        D:1 |      23 |       0 |   0.0 |      16 |       0 |   0.0
            +---------+---------+-------+---------+---------+-------
